 Dungeon Crawl Stone Soup version 0.30-a0-596-g0af90f9a20 (webtiles) character file.

Game seed: 5158652501901958806

1108 Darkkill the Shooter (level 8, -1/70 HPs)
             Began as a Minotaur Hunter on Jan 6, 2023.
             Slain by a water moccasin zombie (5 damage)
             ... on level 5 of the Dungeon.
             The game lasted 00:04:01 (3211 turns).

Darkkill the Shooter (Minotaur Hunter)              Turns: 3211, Time: 00:04:01

Health: -1/70      AC:  6    Str: 16    XL:     8   Next: 11%
Magic:  7/7        EV: 19    Int:  6    God:
Gold:   265        SH:  0    Dex: 16    Spells: 7/7 levels left

rFire   . . .      SeeInvis .    a - +0 shortbow
rCold   . . .      Faith    .    (shield currently unavailable)
rNeg    . . .      Spirit   .    c - +1 leather armour
rPois   .          Reflect  .    (helmet restricted)
rElec   .          Harm     .    (no cloak)
rCorr   .          Rampage  .    f - +1 pair of gloves
Will    .....                    (no boots)
Stlth   +++                      (no amulet)
HPRegen 0.31/turn                g - +5 ring of evasion
MPRegen 0.10/turn                (no ring)

@: no status effects
A: horns 2, retaliatory headbutt
a: no special abilities


You were on level 5 of the Dungeon.
You visited 1 branch of the dungeon, and saw 5 of its levels.

You collected 265 gold pieces.

Inventory:

Hand Weapons
 a - a +0 shortbow (weapon)
Missiles
 k - 27 stones
 l - 10 boomerangs
 q - 4 poisoned darts
Armour
 c - a +1 leather armour (worn)
 f - a +1 pair of gloves (worn)
Jewellery
 g - a +5 ring of evasion (left hand)
Wands
 s - a wand of digging (5)
Scrolls
 b - a scroll of immolation
Potions
 d - a potion of cancellation {unknown}
 e - a potion of brilliance
 h - 2 potions of degeneration {unknown}
 j - a potion of invisibility {unknown}
 m - a potion of might {unknown}
 n - a potion of attraction {unknown}
 p - a potion of mutation {unknown}
 r - a potion of flight {unknown}


   Skills:
 + Level 6.1 Fighting
 + Level 6.8 Ranged Weapons
 + Level 5.6 Dodging
 + Level 4.3 Stealth


You had 7 spell levels left.
You didn't know any spells.
Your spell library contained the following spells:

 Spells                   Type           Power      Damage    Failure   Level
 Beastly Appendage        Tmut           0%         N/A       52%         1
 Wereblood                Tmut           0%         N/A       67%         2
 Spider Form              Tmut/Pois      0%         N/A       88%         3
 Animate Armour           Summ/Erth      0%         N/A       99%         4
 Animate Dead             Necr           0%         N/A       99%         4
 Blade Hands              Tmut           0%         N/A       100%        5
 Iron Shot                Conj/Erth      0%         9d1       100%        6
 Haunt                    Necr/Summ      0%         N/A       100%        7
 Infestation              Necr           0%         N/A       100%        8


Dungeon Overview and Level Annotations

Branches:
Dungeon (5/15)
 Temple: D:4-7

Altars:

Annotations:
D:2 1 runed translucent door, Crazy Yiuf


Innate Abilities, Weirdness & Mutations

You have a pair of horns on your head.
You reflexively headbutt those who attack you in melee.


Message History

Fire: a) +0 shortbow
Press: ? - help, Q - select action, (/) - cycle Shift-Dir - straight line, f/p - mummy
Aim: a mummy (lightly damaged, 79% to hit)
You shoot an arrow. The arrow barely misses the mummy.
The arrow closely misses the hound zombie.
Fire: a) +0 shortbow
Press: ? - help, Q - select action, (/) - cycle Shift-Dir - straight line, f/p - mummy
Aim: a mummy (lightly damaged, 79% to hit)
You shoot an arrow. The arrow hits the mummy!
The mummy is heavily damaged.
The mummy hits you!
* * * LOW HITPOINT WARNING * * *
Fire: a) +0 shortbow
Press: ? - help, Q - select action, (/) - cycle Shift-Dir - straight line, p - mummy You can't see that place.
Okay, then.
You feel better. The mummy hits you.
You feel better.
You feel better. The mummy hits you!
Fire: a) +0 shortbow
Press: ? - help, Q - select action, (/) - cycle Shift-Dir - straight line, f/p - mummy
Aim: a mummy (heavily damaged, 79% to hit)
You shoot an arrow. The arrow hits the mummy.
The mummy is heavily damaged.
The mummy misses you.
Fire: a) +0 shortbow
Press: ? - help, Q - select action, (/) - cycle Shift-Dir - straight line, f/p - mummy
Aim: a mummy (heavily damaged, 79% to hit)
You shoot an arrow. The arrow hits the mummy.
The mummy is severely damaged.
Fire: a) +0 shortbow
Press: ? - help, Q - select action, (/) - cycle Shift-Dir - straight line, f/p - mummy
Aim: a mummy (severely damaged, 79% to hit)
You shoot an arrow. The arrow hits the mummy!
The mummy is almost destroyed.
The mummy hits you!
* * * LOW HITPOINT WARNING * * *
Fire: a) +0 shortbow
Press: ? - help, Q - select action, (/) - cycle Shift-Dir - straight line, f/p - mummy
Aim: a mummy (almost destroyed, 79% to hit)
You shoot an arrow. The arrow hits the mummy!
You destroy the mummy!
The hound zombie misses you.
Fire: a) +0 shortbow
Press: ? - help, Q - select action, (/) - cycle Shift-Dir - straight line, f - hound zombie
Aim: a hound zombie (moderately damaged, 72% to hit)
You shoot an arrow. The arrow hits the hound zombie!
The hound zombie is severely damaged.
The hound zombie completely misses you.
Fire: a) +0 shortbow
Press: ? - help, Q - select action, (/) - cycle Shift-Dir - straight line, f/p - hound zombie
Aim: a hound zombie (severely damaged, 72% to hit)
You shoot an arrow. The arrow hits the hound zombie!
You destroy the hound zombie!
The water moccasin zombie misses you. You furiously retaliate!
You headbutt the water moccasin zombie.
Fire: a) +0 shortbow
Press: ? - help, Q - select action, (/) - cycle Shift-Dir - straight line, f - water moccasin zombie
Aim: a water moccasin zombie (lightly damaged, 66% to hit)
You shoot an arrow.
The arrow completely misses the water moccasin zombie.
The water moccasin zombie bites you.
* * * LOW HITPOINT WARNING * * *
Fire: a) +0 shortbow
Press: ? - help, Q - select action, (/) - cycle Shift-Dir - straight line, f/p - water moccasin zombie
Aim: a water moccasin zombie (lightly damaged, 66% to hit)
You shoot an arrow.
The arrow hits the water moccasin zombie!
The water moccasin zombie is moderately damaged.
The water moccasin zombie completely misses you.
You furiously retaliate!
You headbutt the water moccasin zombie.
Fire: a) +0 shortbow
Press: ? - help, Q - select action, (/) - cycle Shift-Dir - straight line, f/p - water moccasin zombie
Aim: a water moccasin zombie (heavily damaged, 66% to hit)
You shoot an arrow.
The arrow hits the water moccasin zombie!
The water moccasin zombie is severely damaged.
The water moccasin zombie barely misses you.
The water moccasin zombie closely misses you.
Fire: a) +0 shortbow
Press: ? - help, Q - select action, (/) - cycle Shift-Dir - straight line, f/p - water moccasin zombie
Aim: a water moccasin zombie (severely damaged, 66% to hit)
You shoot an arrow.
The arrow barely misses the water moccasin zombie.
The water moccasin zombie bites you.
* * * LOW HITPOINT WARNING * * *
Fire: a) +0 shortbow
Press: ? - help, Q - select action, (/) - cycle Shift-Dir - straight line, f/p - water moccasin zombie
Aim: a water moccasin zombie (severely damaged, 66% to hit)
You shoot an arrow.
The arrow hits the water moccasin zombie.
The water moccasin zombie is severely damaged.
The water moccasin zombie barely misses you.
Fire: a) +0 shortbow
Press: ? - help, Q - select action, (/) - cycle Shift-Dir - straight line, f/p - water moccasin zombie
Aim: a water moccasin zombie (severely damaged, 66% to hit)
You shoot an arrow.
The arrow closely misses the water moccasin zombie.
The water moccasin zombie bites you.
You die...

.... ..... ###### ## #..
#....# .# . #....# .#
#####....# .#####
..##...##### # .....#
#.##...8##.#.#
.###†####..##'####'#'#'#'#
## #....##.##...@Z........
#......)##..###'#'#'#+#
#........#.#8##.# #
...............#######
..##.##.....#.#......# #
#.##........>.....#
#.##########......# #.#
#......# ########


You could see a water moccasin zombie.

Vanquished Creatures
  Sigmund (D:5)
  2 ogres
  2 phantoms (D:4)
  3 necrophages (D:5)
  A scorpion (D:5)
  3 wights (D:5)
  A jelly (D:5)
  An orc priest (D:3)
  An orc wizard (D:3)
  A scorpion zombie (D:5)
  A hound zombie (D:5)
  A mummy (D:5)
  3 gnolls (D:4)
  3 adders
  An ufetubus (D:5)
  A worm (D:3)
  2 dart slugs
  8 orcs
  4 bats
  5 endoplasms
  2 giant cockroaches
  6 hobgoblins
  3 jackals (D:2)
  A quokka (D:1)
  4 ball pythons
  4 frilled lizards
  A goblin (D:3)
  3 kobolds
  4 rats
73 creatures vanquished.

Notes
Turn   | Place    | Note
-------+----------+-------------------------------------------
     0 | D:1      | Darkkill the Minotaur Hunter began the quest for the Orb.
     0 | D:1      | Reached XP level 1. HP: 18/18 MP: 0/0
   137 | D:1      | Reached skill level 1 in Stealth
   229 | D:1      | Reached XP level 2. HP: 25/25 MP: 1/1
   924 | D:2      | Found a runed translucent door.
   926 | D:2      | Noticed Crazy Yiuf
  1082 | D:2      | Reached XP level 3. HP: 31/31 MP: 2/2
  1525 | D:3      | HP: 4/31 [orc priest/+0 mace (5)]
  1525 | D:3      | HP: 1/31 [something (3)]
  1551 | D:3      | Reached skill level 5 in Ranged Weapons
  1551 | D:3      | Reached XP level 4. HP: 26/38 MP: 3/3
  2345 | D:4      | Noticed an ogre
  2354 | D:4      | Killed an ogre
  2355 | D:4      | Reached XP level 5. HP: 46/46 MP: 4/4
  2450 | D:4      | Noticed a phantom
  2456 | D:4      | Killed a phantom
  2457 | D:4      | Reached XP level 6. HP: 53/53 MP: 5/5
  2901 | D:5      | Entered Level 5 of the Dungeon
  2901 | D:5      | Noticed Sigmund
  2920 | D:5      | Killed Sigmund
  2921 | D:5      | Reached skill level 5 in Fighting
  2921 | D:5      | Reached XP level 7. HP: 14/61 MP: 6/6
  3151 | D:5      | Reached skill level 5 in Dodging
  3192 | D:5      | Reached XP level 8. HP: 32/69 MP: 7/7
  3202 | D:5      | HP: 9/70 [mummy (15)]
  3209 | D:5      | HP: 3/70 [water moccasin zombie (5)]
  3211 | D:5      | Slain by a water moccasin zombie

Illustrated notes

Levels and vault maps discovered:
D:1:      nicolae_arrival_somewhat_less_tricky_arrival, layout_basic,
          wad_floor_pattern_1
D:2:      layout_rooms, grunt_ministairs_6, grunt_decor_one_mirror,
          hangedman_decor_opposing, uniq_crazy_yiuf_cottage
D:3:      layout_loops_corners
D:4:      layout_gridville
D:5:      layout_basic, fedhas_altar_1, amcnicky_altar_gilded, vehumet_crystals,
          lemuel_mausoleum_altar_yredelemnul, serial_shops,
          nicolae_inconvenience_store, due_unseen_surprise, uniq_sigmund,
          uniq_blork_the_orc

Skill      XL: |  1  2  3  4  5  6  7 |
---------------+----------------------+-----
Stealth        | 1 2 3 4 |  4.3
Fighting       | 3 4 5 6 |  6.1
Dodging        | 3 4 5 |  5.6
Ranged Weapons | 5 6 |  6.8

Action                   |  1- 3 |  4- 6 |  7- 9 || total
-------------------------+-------+-------+-------++-------
Melee: Shortbow          |     4 |       |       ||     4
 Fire: Shortbow          |    89 |    97 |    73 ||   259
  Use: Scroll            |     7 |     5 |     1 ||    13
       Potion            |     1 |     1 |     3 ||     5
Armor: Leather armour    |    17 |     1 |     7 ||    25
Dodge: Dodged            |    27 |    70 |    48 ||   145

Table legend: (Time is in decaauts)
 A = Elapsed time spent in this place.
 B = Non-inter-level travel time spent in this place.
 C = Inter-level travel time spent in this place.
 D = Time resting spent in this place.
 E = Time spent auto-exploring this place.
 F = Levels seen in this place.
 G = Mean time per level.
                   A        B        C        D        E       F      G
               +--------+--------+--------+--------+--------+-----+--------+
         Total |   3278 |   3105 |    173 |    100 |   2458 |   5 |  655.6 |
       Dungeon |   3278 |   3105 |    173 |    100 |   2458 |   5 |  655.6 |
               +--------+--------+--------+--------+--------+-----+--------+

Top non-repeatable levels by time:
     D:3: 939 daAuts
     D:1: 774 daAuts
     D:4: 634 daAuts
     D:2: 600 daAuts
     D:5: 329 daAuts

Table legend:
 A = Kills in this place as a percentage of kills in entire the game.
 B = Kills by you in this place as a percentage of kills by you in the entire game.
 C = Kills by friends in this place as a percentage of kills by friends in the entire game.
 D = Other kills in this place as a percentage of other kills in the entire game.
 E = Experience gained in this place as a percentage of experience gained in the entire game.
 F = Experience gained in this place divided by the number of levels of this place that you have seen.
                   A       B       C       D       E      F
               +-------+-------+-------+-------+-------+----------------------
         Total | 100.0 | 100.0 |   N/A |   N/A | 100.0 | 316.6
       Dungeon | 100.0 | 100.0 |   N/A |   N/A | 100.0 | 316.6
               +-------+-------+-------+-------+-------+----------------------
